 Dungeon Crawl Stone Soup version 0.23.2-1-ga50397a6bc (webtiles) character file.

Game seed: 15935670059869079521

33151 Revguard the Cleaver (level 13, -7/114 HPs)
             Began as a Minotaur Fighter on Apr 24, 2019.
             Was an Elder of Makhleb.
             Killed by divine providence
             ... invoked by a meliai
              (13 damage)
             ... on level 14 of the Dungeon on Apr 25, 2019.
             The game lasted 00:53:42 (14406 turns).

Revguard the Cleaver (Minotaur Fighter)            Turns: 14406, Time: 00:53:43

Health: -7/114     AC: 22    Str: 23    XL:     13   Next: 35%
Magic:  19/19      EV:  8    Int: 10    God:    Makhleb [****..]
Gold:   907        SH: 15    Dex: 13    Spells: 12/12 levels left

rFire    . . .     SeeInvis .   k - +3 war axe
rCold    . . .     Gourm    .   n - +2 shield
rNeg     . . .     Faith    .   j - +0 plate armour
rPois    +         Spirit   .   (helmet restricted)
rElec    .         Reflect  .   b - +2 cloak {MR+}
rCorr    .         Harm     .   s - +0 pair of gloves
MR       +....                  z - +0 pair of boots
Stlth    ..........             (no amulet)
HPRegen  0.29/turn              D - ring of poison resistance
MPRegen  0.16/turn              c - ring of flight

@: brilliant, about to teleport
A: retaliatory headbutt, horns 2
a: Minor Destruction, Lesser Servant of Makhleb, Major Destruction, Renounce
Religion, Evoke Flight


You were on level 14 of the Dungeon.
You worshipped Makhleb.
Makhleb was greatly pleased with you.
You were hungry.

You visited 2 branches of the dungeon, and saw 16 of its levels.

You collected 907 gold pieces.

Inventory:

Hand Weapons
 a - a +0 war axe
 k - a +3 war axe (weapon)
 m - a +4 hand axe
Armour
 b - a +2 cloak of magic resistance (worn)
 j - a +0 plate armour (worn)
 n - a +2 shield (worn)
 s - a +0 pair of gloves (worn)
 z - a +0 pair of boots (worn)
Jewellery
 c - a ring of flight (right hand)
 l - an uncursed ring of fire
 x - an uncursed ring of fire
 D - a ring of poison resistance (left hand)
Wands
 d - a wand of polymorph (4)
 t - a wand of flame (2)
 A - a wand of acid (2)
 C - a wand of iceblast (12)
Scrolls
 e - 4 scrolls of remove curse
 g - 5 scrolls of teleportation
 i - 4 scrolls of enchant weapon
 q - a scroll of fear
 r - 2 scrolls of immolation
 w - a scroll of fog
 y - 2 scrolls of acquirement
 B - a scroll of amnesia
 E - 2 scrolls of noise
 F - a scroll of enchant armour
 G - a scroll of silence {unknown}
 H - 3 scrolls of vulnerability
 I - a scroll of magic mapping
 L - a scroll of identify
Potions
 h - 3 potions of haste
 o - 2 potions of agility
 p - 3 potions of curing
 v - a potion of lignification
 K - a potion of heal wounds
Miscellaneous
 u - a lightning rod (4/4)
Comestibles
 f - 28 rations


   Skills:
 + Level 10.3 Fighting
 + Level 14.3 Axes
 + Level 11.9 Armour
 + Level 3.7 Dodging
 + Level 13.0 Shields
 * Level 9.8 Invocations
 - Level 1.1 Evocations


You had 12 spell levels left.
You didn't know any spells.
Your spell library contained the following spells:

 Spells                   Type           Power        Failure   Level  Hunger
 Corona                   Hex            #......      43%         1    ##.....
 Shock                    Conj/Air       #...         43%         1    ##.....
 Slow                     Hex            #.......     54%         2    ###....
 Swiftness                Chrm/Air       #.......     54%         2    ###....
 Inner Flame              Hex/Fire       #.......     75%         3    ####...
 Portal Projectile        Hex/Tloc       #.....       75%         3    ####...
 Static Discharge         Conj/Air       #.......     75%         3    ####...
 Airstrike                Air            #.........   97%         4    #####..
 Cause Fear               Hex            #.........   97%         4    #####..
 Leda's Liquefaction      Hex/Erth       #.........   97%         4    #####..
 Lightning Bolt           Conj/Air       #.........   100%        5    ######.
 Ignition                 Fire           #.........   100%        8    #######
 Shatter                  Erth           #.........   100%        9    #######
 Tornado                  Air            #.........   100%        9    #######


Dungeon Overview and Level Annotations

Branches:
Dungeon (15/15)            Temple (1/1) D:5            Lair (0/6) D:11
    Orc (0/2) D:10         Vaults (0/5) D:14         Depths (0/5) D:15

Altars:
Ashenzari
Cheibriados
Dithmenos
Elyvilon
Fedhas
Gozag
Hepliaklqana
Kikubaaqudgha
Makhleb
Nemelex Xobeh
Okawaru
Qazlal
Ru
Sif Muna
Trog
Uskayaw
Vehumet
Wu Jian
Xom
Yredelemnul
Zin
The Shining One
Beogh

Shops:
D:4 %   D:11 *


Innate Abilities, Weirdness & Mutations

You reflexively headbutt those who attack you in melee.
You have a pair of horns on your head.


Message History

The meliai hits you but does no damage.
The meliai hits your hellwing but does no damage.
The meliai stings you.
* * * LOW HITPOINT WARNING * * *
Your hellwing closely misses the meliai.
Your hellwing hits the meliai. Your neqoxec hits the meliai!
The meliai dies!
Makhleb accepts your kill.
Your hellwing hits the purple ugly thing!
Your hellwing hits the purple ugly thing.
Your neqoxec barely misses the purple ugly thing.
As you read the scroll of teleportation, it crumbles to dust.
You feel strangely unstable.
The meliai closely misses your hellwing.
The meliai stings your hellwing but does no damage.
Your hellwing hits the meliai.
Your hellwing closely misses the meliai.
The meliai mumbles some strange prayers to its god against you.
Something smites you!
You die...

...# #.##.# ##.#
######.##.# ##.#
#.........# ##.#
#.####.#### #.###.## #.#
##.##...# #.#
#.)...#...#.###
#..##...#.....##########
#..###.##.###43u@......#
.... ..#.# #y########.#
.... ..# #.# ..... ..#


yy# ....# #.# .#u# ....# #W#u# . ..# .. ..# .. ..# You could see a purple ugly
thing, a meliai, a friendly hellwing and a friendly neqoxec.

Vanquished Creatures
  Rupert (D:14)
  Nessos (D:12)
  Harold (D:9)
  A hydra (D:11)
  4 two-headed ogres
  2 centaur warriors
  A tengu warrior (D:15)
  The ghost of Kobolds4U the Cleaver, a novice MiFi of Wu Jian (D:8)
  4 unseen horrors
  2 wizards (D:15)
  An orange crystal statue (D:14)
  A necromancer (D:15)
  An orc knight (D:14)
  A wolf spider zombie (D:15)
  A manticore (D:14)
  An ugly thing (D:14)
  3 centaur zombies
  Joseph (D:9)
  A naga mage (D:15)
  A gargoyle (D:11)
  A kobold demonologist (D:14)
  6 centaur skeletons
  A tengu conjurer (D:15)
  A hornet (D:7)
  A troll (D:15)
  Grinder (D:6)
  6 hippogriffs
  A meliai zombie (D:13)
  A spriggan (D:7)
  Sigmund (D:4)
  A shadow (D:14)
  6 wraiths
  16 humans (D:14)
  Grum (D:10)
  4 vampire mosquitoes
  4 yaks (D:11)
  A water moccasin (D:10)
  9 orc warriors
  An ice beast (D:14)
  3 sky beasts
  A necrophage (D:12)
  2 phantoms
  5 ogres
  4 wolves (D:10)
  15 centaurs
  3 crocodiles
  2 big kobolds
  Blork the orc (D:6)
  6 bullfrogs
  A gnoll sergeant (D:11)
  3 scorpions
  7 killer bees
  2 howler monkeys (D:7)
  A wight (D:9)
  4 crimson imps
  2 bullfrog zombies
  A bullfrog skeleton (D:9)
  7 orc priests
  A gnoll shaman (D:9)
  10 hounds
  A jelly (D:8)
  12 orc wizards
  4 iguanas
  10 worker ants
  A hound skeleton (D:10)
  12 adders
  3 gnolls (D:11)
  A howler monkey skeleton (D:10)
  2 shadow imps
  3 oozes
  2 adder skeletons
  A dart slug (D:1)
  5 worms
  6 leopard geckos
  53 orcs
  4 ball pythons
  12 bats
  5 giant cockroaches
  9 goblins
  4 hobgoblins (D:1)
  15 jackals
  3 quokkas
  7 frilled lizards
  13 kobolds
  A quokka skeleton (D:7)
  8 rats
371 creatures vanquished.

Vanquished Creatures (collateral kills)
  An ugly thing (D:11)
  An orc sorcerer (D:15)
  A centaur zombie (D:15)
  A naga mage (D:15)
  A meliai (D:14)
  A vampire mosquito (D:15)
  2 killer bees (D:10)
  A gnoll (D:11)
  An adder (D:10)
10 creatures vanquished.

Vanquished Creatures (others)
  A fungus (D:11)
1 creature vanquished.

Grand Total: 382 creatures vanquished

Notes
Turn   | Place    | Note
-------+----------+-------------------------------------------
     0 | D:1      | Revguard the Minotaur Fighter began the quest for the Orb.
     0 | D:1      | Reached XP level 1. HP: 19/19 MP: 0/0
   165 | D:1      | Reached XP level 2. HP: 27/27 MP: 1/1
   469 | D:1      | Reached XP level 3. HP: 32/33 MP: 2/2
   703 | D:2      | Reached skill level 3 in Axes
   762 | D:2      | Reached XP level 4. HP: 14/40 MP: 3/3
   962 | D:2      | Found a bloodstained altar of Trog.
   968 | D:2      | Found a sparkling altar of Nemelex Xobeh.
   968 | D:2      | Found a glowing silver altar of Zin.
  1515 | D:3      | Reached skill level 4 in Axes
  1516 | D:3      | Reached skill level 1 in Dodging
  1771 | D:3      | Found a radiant altar of Vehumet.
  1880 | D:3      | Reached XP level 5. HP: 40/46 MP: 4/4
  2255 | D:4      | Noticed Sigmund
  2262 | D:4      | Killed Sigmund
  2262 | D:4      | Reached skill level 5 in Axes
  2262 | D:4      | Reached XP level 6. HP: 53/53 MP: 5/5
  2284 | D:4      | Reached skill level 5 in Shields
  2357 | D:4      | Found Jaostie's Food Shoppe.
  2398 | D:4      | Reached skill level 6 in Axes
  2616 | D:4      | Reached skill level 5 in Armour
  2777 | D:4      | Reached XP level 7. HP: 49/60 MP: 6/6
  2881 | D:5      | Entered Level 5 of the Dungeon
  2911 | D:5      | Found a stormy altar of Qazlal.
  3064 | D:5      | Found a staircase to the Ecumenical Temple.
  3112 | Temple   | Entered the Ecumenical Temple
  3326 | Temple   | Became a worshipper of Makhleb the Destroyer
  3410 | D:5      | Found a basalt altar of Yredelemnul.
  3424 | D:5      | Reached skill level 5 in Fighting
  3473 | D:5      | Reached skill level 7 in Axes
  3473 | D:5      | Reached skill level 1 in Invocations
  4173 | D:6      | Noticed Blork the orc
  4179 | D:6      | Killed Blork the orc
  4447 | D:6      | Reached XP level 8. HP: 68/68 MP: 8/8
  4459 | D:6      | Found a sacrificial altar of Ru.
  4514 | D:6      | Noticed Grinder
  4514 | D:6      | Paralysed by Grinder for 2 turns
  4522 | D:6      | Paralysed by Grinder for 2 turns
  4535 | D:6      | Killed Grinder
  5143 | D:7      | Noticed a hippogriff
  5152 | D:7      | Killed a hippogriff
  5152 | D:7      | Reached skill level 8 in Axes
  5152 | D:7      | Reached skill level 1 in Evocations
  5256 | D:7      | Reached * piety under Makhleb
  5529 | D:7      | Noticed a hornet
  5535 | D:7      | Paralysed by a hornet for 2 turns
  5545 | D:7      | Killed a hornet
  5545 | D:7      | Reached XP level 9. HP: 37/75 MP: 10/10
  5835 | D:7      | Reached skill level 9 in Axes
  6997 | D:8      | Reached ** piety under Makhleb
  7010 | D:8      | Found a runed translucent gate.
  7011 | D:8      | Found a runed translucent gate.
  7012 | D:8      | Found a runed translucent gate.
  7013 | D:8      | Noticed Kobolds4U's ghost (novice MiFi)
  7107 | D:8      | Got a jewelled helmet
  7284 | D:8      | Found a bloodstained altar of Trog.
  7586 | D:8      | Killed Kobolds4U's ghost
  7586 | D:8      | Reached skill level 10 in Axes
  7586 | D:8      | Reached skill level 5 in Invocations
  7586 | D:8      | Reached XP level 10. HP: 42/86 MP: 12/12
  7868 | D:9      | Found a white marble altar of Elyvilon.
  7908 | D:9      | Noticed Harold
  7928 | D:9      | Killed Harold
  8241 | D:9      | Noticed a two-headed ogre
  8244 | D:9      | Noticed Joseph
  8261 | D:9      | Killed Joseph
  8265 | D:9      | Killed a two-headed ogre
  8269 | D:9      | Reached skill level 11 in Axes
  8702 | D:10     | Entered Level 10 of the Dungeon
  8720 | D:10     | Noticed Grum
  8755 | D:10     | Killed Grum
  8769 | D:10     | Reached *** piety under Makhleb
  8769 | D:10     | Reached XP level 11. HP: 68/94 MP: 14/14
  8966 | D:10     | Killed an unseen horror
  9078 | D:10     | Identified 2 scrolls of acquirement
  9129 | D:10     | Found a staircase to the Orcish Mines.
  9140 | D:10     | Found a roughly hewn altar of Beogh.
  9148 | D:10     | Reached skill level 10 in Shields
  9240 | D:10     | Noticed a two-headed ogre
  9254 | D:10     | Killed a two-headed ogre
  9260 | D:10     | You fall through a shaft!
  9285 | D:11     | Reached skill level 12 in Axes
  9285 | D:11     | Reached skill level 10 in Armour
  9551 | D:11     | Noticed a five-headed hydra
  9566 | D:11     | Killed a nine-headed hydra
  9589 | D:11     | Noticed a red ugly thing
  9599 | D:11     | Killed a red ugly thing
  9627 | D:11     | Killed an unseen horror
  9639 | D:11     | Found Atimniqo's Island Escapes.
  9864 | D:11     | Found a staircase to the Lair.
  9877 | D:11     | Reached **** piety under Makhleb
 10893 | D:12     | Noticed Nessos
 10915 | D:12     | Killed Nessos
 11402 | D:10     | Reached XP level 12. HP: 103/103 MP: 16/16
 11697 | D:13     | You fall through a shaft for 2 floors!
 11697 | D:15     | Entered Level 15 of the Dungeon
 11829 | D:15     | Noticed a two-headed ogre
 11837 | D:15     | Killed a two-headed ogre
 11863 | D:15     | Noticed a tengu warrior
 11881 | D:15     | Killed a tengu warrior
 11881 | D:15     | Reached skill level 13 in Axes
 12027 | D:15     | Paralysed by a wizard for 4 turns
 12120 | D:15     | Noticed a centaur warrior
 12132 | D:15     | Killed a centaur warrior
 12533 | D:15     | Noticed a two-headed ogre
 12548 | D:15     | Killed a two-headed ogre
 13387 | D:15     | Found a staircase to the Depths.
 13500 | D:14     | Noticed a centaur warrior
 13505 | D:14     | Noticed Rupert
 13602 | D:14     | Killed Rupert
 13602 | D:14     | Reached skill level 10 in Fighting
 13602 | D:14     | Reached XP level 13. HP: 51/113 MP: 19/19
 13703 | D:14     | Found a gate to the Vaults.
 13773 | D:14     | Reached skill level 14 in Axes
 14403 | D:14     | HP: 5/114 [meliai/+0 hand axe (1)]
 14406 | D:14     | Killed from afar by a meliai

Skill      XL: |  1  2  3  4  5  6  7  8  9 10 11 12 13 |
---------------+----------------------------------------+-----
Shields        | 4 5 6 8 9 10 12 13 | 13.0
Armour         | 4 5 6 8 9 10 11 | 11.9
Fighting       | 4 5 6 7 8 9 10 | 10.3
Axes           | 3 4 5 6 7 8 10 11 12 13 14 | 14.3
Dodging        | 1 2 3 |  3.7
Invocations    | 1 3 5 6 7 9 |  9.8
Evocations     | 1 |  1.1

Action                   |  1- 3 |  4- 6 |  7- 9 | 10-12 | 13-15 || total
-------------------------+-------+-------+-------+-------+-------++-------
Melee: War axe           |    95 |    35 |       |       |    52 ||   182
       Headbutt          |    14 |     9 |    68 |   206 |    47 ||   344
       Hand axe          |       |    97 |   310 |   771 |   128 ||  1306
Invok: Minor Destruction |       |       |       |    13 |     3 ||    16
       Lesser Servant of |       |       |       |     8 |     2 ||    10
       Major Destruction |       |       |       |     4 |       ||     4
 Abil: Stop Flying       |       |       |       |     2 |       ||     2
       Evoke Flight      |       |       |       |     2 |       ||     2
Evoke: Wand              |       |       |    13 |     8 |     3 ||    24
       Box of beasts     |       |       |       |     1 |       ||     1
  Use: Potion            |     1 |     3 |     3 |    12 |     1 ||    20
       Scroll            |       |     1 |    10 |    11 |     1 ||    23
 Stab: Distracted        |       |       |       |     6 |       ||     6
  Eat: Chunk             |       |     5 |    11 |    19 |     2 ||    37
       Ration            |       |       |     2 |       |       ||     2
Armor: Scale mail        |    72 |    74 |    19 |       |       ||   165
       Plate armour      |       |       |   110 |   452 |    70 ||   632
Dodge: Dodged            |    43 |    51 |    52 |   156 |    20 ||   322
Block: Shield            |    64 |    70 |   152 |   507 |    99 ||   892
